 Dungeon Crawl Stone Soup version 0.16.0-17-g811c1d7 (webtiles) character file.

2482 valak23 the Skirmisher (level 9, 0/70 HPs)
             Began as a Demonspawn Abyssal Knight on Mar 21, 2015.
             Was an Elder of Lugonu.
             Slain by an ancient zyme (9 damage)
             ... on level 1 of the Abyss.
             The game lasted 00:26:27 (6609 turns).

valak23 the Skirmisher (Demonspawn Abyssal Knight)  Turns: 6609, Time: 00:26:27

Health: 0/70       AC: 13    Str: 16    XL:     9   Next: 27%
Magic:  25/25      EV: 12    Int: 14    God:    Lugonu [****..]
Gold:   424        SH:  0    Dex: 12    Spells: 0 memorised, 8 levels left

rFire  . . .     SeeInvis .     i - +2 war axe (freeze) (curse)
rCold  + . .     Clarity  .     r - +1 scale mail
rNeg   . . .     SustAb   .     (no shield)
rPois  .         Gourm    .     (helmet unavailable)
rElec  .         Spirit   .     o - +0 cloak
rCorr  .         Warding  .     (no gloves)
rMut   .         Stasis   .     (no boots)
MR     .....                    f - amulet of faith
Stlth  ..........               w - +4 ring of slaying
                                u - ring "Kuivito" {rC+ MP+9}

@: not resistant to hostile enchantments, extremely unstealthy
A: horns 3, iridescent scales 1, foul stench 1, rot immunity
a: Depart the Abyss, Bend Space, Banish, Corrupt, Renounce Religion


You were on level 1 of the Abyss.
You worshipped Lugonu.
Lugonu was greatly pleased with you.
You were not hungry.

You visited 1 branch of the dungeon, and saw 8 of its levels.
You visited the Abyss 2 times.

You collected 424 gold pieces.

Inventory:

Hand weapons
 a - a +2 hand axe
 i - a cursed +2 war axe of freezing (weapon)
 q - a +3 war axe
 t - a +2 hand axe
Missiles
 s - 6 javelins of returning (quivered)
Armour
 b - a +1 leather armour
 o - a +0 cloak (worn)
 r - a +1 scale mail (worn)
 z - a pearl dragon hide
Jewellery
 f - an amulet of faith (around neck)
 g - an uncursed amulet of resist mutation
 l - an uncursed ring of stealth
 u - the ring "Kuivito" (left hand) {rC+ MP+9}
   (You found it on level 4 of the Dungeon)

   [ring of magical power]

   It protects you from cold.
   It affects your magic capacity (+9).
 v - an uncursed ring of ice
 w - a +4 ring of slaying (right hand)
 D - an uncursed amulet of the gourmand
Magical devices
 e - a wand of flame (17)
 h - a wand of paralysis (0)
 y - a wand of hasting (2)
 G - a wand of hasting (4)
 H - a wand of confusion (31)
Scrolls
 c - 2 scrolls of recharging
 d - 2 scrolls of teleportation
 m - a scroll of fog
 F - 2 scrolls of remove curse
 I - a scroll of enchant armour
 K - a scroll of summoning {unknown}
Potions
 k - 2 potions of brilliance
 n - 2 potions of restore abilities
 p - 2 potions of invisibility
 x - a potion of ambrosia
 B - a potion of berserk rage {unknown}
 C - a potion of flight {unknown}
Books
 E - a book of Battle

   Spells                             Type                      Level
   a - Infusion                       Charms                       1
   b - Shroud of Golubria             Charms/Translocation         2
   c - Song of Slaying                Charms                       2
   d - Spectral Weapon                Hexes/Charms                 3
   e - Regeneration                   Charms/Necromancy            3
Comestibles
 j - 2 slices of pizza
 A - 8 fruits


   Skills:
 + Level 6.3 Fighting
 + Level 6.0 Axes
 + Level 5.9 Armour
 + Level 5.6 Dodging
 - Level 0.6 Stealth
 + Level 4.3 Invocations


You had 8 spell levels left.
You didn't know any spells.

Dungeon Overview and Level Annotations

Branches:
Dungeon (8/15)             Temple (0/1) D:6
   Lair: D:8-11

Altars:
Cheibriados
Kikubaaqudgha
Okawaru
Sif Muna
Trog
Vehumet
Xom

Annotations:
D:8 Grum


Innate Abilities, Weirdness & Mutations

You have a pair of large horns on your head.
You are partially covered in iridescent scales (AC +4).
You emit a foul stench.
You are immune to rotting.


Message History

The ancient zyme closely misses you.
The ancient zyme hits you but does no damage.
You completely miss the ancient zyme. The ancient zyme barely misses you.
The ancient zyme hits you but does no damage.
You slash the ancient zyme!! You freeze the ancient zyme!
The ancient zyme is heavily damaged.
The ancient zyme hits you.
The ancient zyme hits you but does no damage.
You barely miss the ancient zyme.
The ancient zyme is heavily damaged.
The ancient zyme hits you.
* * * LOW HITPOINT WARNING * * *
The ancient zyme hits you.
* * * LOW HITPOINT WARNING * * *
You hit the ancient zyme. You freeze the ancient zyme.
The ancient zyme is severely damaged.
The ancient zyme hits you!
* * * LOW HITPOINT WARNING * * *
The ancient zyme hits you!
You die...

.≈#∩.. .#...
.... #.... ...
#...###.#..
........... .
#......... ...
#.#.#.....
.≈....#.x......#
#..@#... ..
.........# ....
..#.#.... . .
......... .
.#...#.....
##.#..#...# ..
.#..... .. .♣≈.#


You could see an ancient zyme.

Vanquished Creatures
  2 steam dragons (D:8)
  A wolf (D:8)
  An ice beast (D:5)
  An ogre (D:4)
  3 orc warriors
  A centaur (D:5)
  Sigmund (D:7)
  Blork the orc (D:7)
  2 giant frogs
  2 scorpions
  4 killer bees (D:7)
  5 wights (D:6)
  A giant frog zombie (D:7)
  2 crimson imps
  A goliath beetle (D:6)
  3 orc priests
  3 hounds
  A worker ant (D:7)
  2 iguanas
  6 orc wizards
  3 sheep (D:7)
  A shadow imp (D:5)
  7 adders
  2 worms
  A giant mite (D:3)
  An adder zombie (D:7)
  4 giant geckos
  29 orcs
  3 ball pythons
  9 bats
  4 giant cockroaches
  10 goblins
  16 hobgoblins
  11 jackals
  2 quokkas
  A giant gecko zombie (D:7)
  3 giant newts
  5 kobolds
  A quokka skeleton (D:7)
  12 rats
  4 ballistomycetes
  3 fungi (D:8)
175 creatures vanquished.

Vanquished Creatures (others)
  2 giant spores
2 creatures vanquished.

Grand Total: 177 creatures vanquished

Notes
Turn   | Place    | Note
--------------------------------------------------------------
     0 | Abyss:1  | valak23, the Demonspawn Abyssal Knight, began the quest for the Orb.
     0 | Abyss:1  | Reached XP level 1. HP: 18/18 MP: 1/1
    18 | Abyss:1  | Found a corrupted altar of Lugonu.
    44 | Abyss:2  | Noticed a spatial vortex
    44 | Abyss:2  | Noticed a spatial vortex
    44 | Abyss:2  | Noticed a spatial vortex
    44 | Abyss:2  | Noticed a spatial vortex
    44 | Abyss:2  | Noticed a spatial vortex
    44 | Abyss:2  | Noticed a spatial vortex
    51 | D:1      | Escaped the Abyss
   157 | D:1      | Reached skill level 1 in Dodging
   157 | D:1      | Gained mutation: You are immune to rotting. [demonic ancestry]
   157 | D:1      | Reached XP level 2. HP: 9/24 MP: 2/2
   157 | D:1      | Acquired Lugonu's first power
  1059 | D:1      | Gained mutation: You are partially covered in iridescent scales (AC +4). [demonic ancestry]
  1059 | D:1      | Reached XP level 3. HP: 29/29 MP: 4/4
  1060 | D:1      | Acquired Lugonu's second power
  1422 | D:2      | Found a deep blue altar of Sif Muna.
  1642 | D:2      | Found a shimmering altar of Xom.
  2332 | D:3      | Reached XP level 4. HP: 27/37 MP: 7/7
  2674 | D:3      | Acquired Lugonu's third power
  2685 | D:3      | Reached skill level 4 in Fighting
  2690 | D:3      | Gained mutation: You have a pair of small horns on your head. [demonic ancestry]
  2690 | D:3      | Reached XP level 5. HP: 40/42 MP: 8/8
  2813 | D:3      | Found an ancient bone altar of Kikubaaqudgha.
  3055 | D:4      | Noticed an ogre
  3064 | D:4      | Killed an ogre
  3064 | D:4      | Gained mutation: You have a pair of horns on your head. [demonic ancestry]
  3064 | D:4      | Reached XP level 6. HP: 19/48 MP: 10/10
  3330 | D:4      | Found an iron altar of Okawaru.
  3339 | D:4      | Got a smoking iron ring
  3356 | D:4      | Identified the ring "Kuivito" {rC+ MP+9} (You found it on level 4 of the Dungeon)
  3603 | D:4      | Acquired Lugonu's fourth power
  3837 | D:5      | Entered Level 5 of the Dungeon
  3939 | D:5      | Reached XP level 7. HP: 29/55 MP: 12/12
  4289 | D:5      | Paralysed by a goblin for 4 turns
  4717 | D:6      | Found a staircase to the Ecumenical Temple.
  4808 | D:6      | Reached skill level 5 in Fighting
  4845 | D:6      | Gained mutation: You emit a foul stench. [demonic ancestry]
  4845 | D:6      | Reached XP level 8. HP: 48/62 MP: 14/14
  4984 | D:6      | Acquired Lugonu's fifth power
  5272 | D:6      | Found a radiant altar of Vehumet.
  5422 | D:6      | Found a snail-covered altar of Cheibriados.
  5595 | D:7      | Reached skill level 5 in Dodging
  5595 | D:7      | Reached skill level 5 in Armour
  5637 | D:7      | Reached skill level 5 in Axes
  5672 | D:7      | Noticed Blork the orc
  5676 | D:7      | Killed Blork the orc
  5748 | D:7      | Noticed Sigmund
  5750 | D:7      | Killed Sigmund
  5858 | D:7      | Found a bloodstained altar of Trog.
  5866 | D:7      | Reached skill level 6 in Fighting
  5883 | D:7      | Gained mutation: You have a pair of large horns on your head. [demonic ancestry]
  5883 | D:7      | Reached XP level 9. HP: 56/69 MP: 16/16
  6563 | D:8      | Noticed Grum
  6609 | Abyss:1  | Slain by an ancient zyme

Action                   |  1- 3 |  4- 6 |  7- 9 || total
-------------------------+-------+-------+-------++-------
Melee: Hand axe          |    96 |   117 |    79 ||   292
       War axe           |       |       |    80 ||    80
Invok: Depart the Abyss  |     1 |       |       ||     1
       Banish            |       |     1 |       ||     1
       Enter the Abyss   |       |       |     1 ||     1
  Use: Scroll            |     8 |     5 |     3 ||    16
       Potion            |       |       |    12 ||    12
  Eat: Bread ration      |     1 |     2 |     1 ||     4
       Royal jelly       |       |       |     1 ||     1
